 Dungeon Sprint DCSS version bcrawl-1.40.3b (webtiles) character file.

Game seed: 14242305094002466399

737414 Groucho the Unseen (level 6, -9/28 HPs)
             Began as a Spriggan Enchanter on Dec 24, 2023.
             Mangled by a neqoxec (13 damage)
             ... in the Dungeon (Sprint II: "The Violet Keep of Menkaure").
             The game lasted 00:01:42 (93 turns).

Groucho the Unseen (Spriggan Enchanter)               Turns: 93, Time: 00:01:42

Health: -9/28      AC:  2    Str:  4    XL:     6   Next: 55%
Magic:  11/11      EV: 19    Int: 19    God:
Gold:   0          SH:  0    Dex: 14    Spells: 14/15 levels left

rFire    . . .     GDR:     26% a - +1 dagger
rCold    . . .     SeeInvis +   (shield restricted)
rNeg     . . .     Gourm    .   b - +0 robe
rPois    .         Faith    .   (helmet restricted)
rElec    .         Spirit   .   (no cloak)
rCorr    .         Reflect  .   (gloves unavailable)
MR       +....     NoTele   +   (boots unavailable)
Stlth    ++++++....             (no amulet)
HPRegen  0.14/turn              (no ring)
MPRegen  0.12/turn              (no ring)

@: berserk cooldown, very slightly contaminated, slowed, quick
A: very small, unfitting armour, see invisible, [clumsy 1], herbivore, speed 3,
[frail 2], [low mp 2], slow metabolism 2, [subdued magic 2]
a: no special abilities


You were in the Dungeon.
You were not hungry.

You visited 1 branch

Inventory:

Hand Weapons
 a - a +1 dagger (weapon)
Armour
 b - a +0 robe (worn)
Scrolls
 d - a scroll of fog
 l - a scroll of blinking
Potions
 g - a potion of curing
 h - a potion of heal wounds
 j - 2 potions of magic
Comestibles
 e - a ration {!d}


   Skills:
 - Level 5.0 Fighting
 - Level 5.0 Short Blades
 - Level 5.0 Dodging
 - Level 15.0 Stealth
 - Level 5.0 Spellcasting
 + Level 7.5 Hexes


You had 14 spell levels left.
You knew the following spells:

 Your Spells              Type           Power        Failure   Level  Hunger
a - Slow                  Hex            ###.....     1%          1    None

Your spell library contained the following spells:

 Spells                   Type           Power        Failure   Level  Hunger
 Confuse                  Hex            ###.....     1%          3    ###....
 Tukima's Dance           Hex            ###.....     1%          3    ###....
 Ensorcelled Hibernation  Hex/Ice        ##....       2%          2    None
 Cause Fear               Hex            ###.......   3%          4    #####..
 Dazzling Orbs            Conj/Hex       ##.....      4%          3    ###....


Dungeon Overview and Level Annotations

Branches:
Dungeon (1/1)

Altars:


Innate Abilities, Weirdness & Mutations

You are very small and have problems with some larger weapons.
You are too small for most types of armour.
You have supernaturally acute eyesight. (SInv)
You are a herbivore.
You cover ground extremely quickly.
You need to consume almost no food.
[You are clumsy. (Dex -2)]
[You are very frail. (-20% HP)]
[Your magical capacity is very low. (-20% MP)]
[Your spells are easier to cast, but less powerful.]


Message History

The neqoxec misses you.
You hit the neqoxec.
The neqoxec is lightly wounded.
You puncture the neqoxec!
The neqoxec is moderately wounded.
You are no longer berserk.
You pass out from exhaustion.
You feel yourself slow down. The neqoxec hits you. The neqoxec hits you!
You can move again.
You hit the neqoxec but do no damage.
The neqoxec is moderately wounded.
The neqoxec hits you.
* * * LOW HITPOINT WARNING * * *
The neqoxec completely misses you.
You miss the neqoxec.
The neqoxec is moderately wounded.
The neqoxec hits you!
You die...

## #3##
####@## #
##.###'# H#
#..†##.##.#
+$##'.<.+#
###.##.##.#
#†###+# H#
### $#. #
.w w. ##.
.##


You could see a neqoxec.

Vanquished Creatures
  3 neqoxecs (D)
  3 worms (D)
6 creatures vanquished.

Vanquished Creatures (others)
  A crocodile (D)
1 creature vanquished.

Grand Total: 7 creatures vanquished

Notes
Turn   | Place    | Note
-------+----------+-------------------------------------------
     0 | D        | Groucho the Spriggan Enchanter began the quest for the Orb.
     0 | D        | Reached XP level 1. HP: 9/9 MP: 5/5
     3 | D        | Noticed a neqoxec
     6 | D        | Noticed a hippogriff
     6 | D        | Noticed a hippogriff
     9 | D        | Noticed a tyrant leech
     9 | D        | Noticed a tyrant leech
    23 | D        | Reached skill level 5 in Stealth
    43 | D        | Reached skill level 1 in Fighting
    43 | D        | Reached XP level 2. HP: 14/14 MP: 7/7
    48 | D        | Noticed a neqoxec
    51 | D        | Killed a neqoxec
    52 | D        | Reached skill level 5 in Short Blades
    52 | D        | Reached skill level 5 in Dodging
    52 | D        | Reached skill level 9 in Stealth
    52 | D        | Reached skill level 5 in Spellcasting
    52 | D        | Reached skill level 5 in Hexes
    52 | D        | Reached XP level 3. HP: 21/21 MP: 7/10
    52 | D        | Reached XP level 4. HP: 25/25 MP: 8/12
    52 | D        | Reached XP level 5. HP: 29/29 MP: 8/13
    53 | D        | Noticed a neqoxec
    55 | D        | Killed a neqoxec
    56 | D        | Reached skill level 5 in Fighting
    56 | D        | Reached skill level 13 in Stealth
    56 | D        | Reached XP level 6. HP: 35/35 MP: 8/14
    56 | D        | Noticed a neqoxec
    86 | D        | Killed a neqoxec
    87 | D        | Reached skill level 15 in Stealth
    92 | D        | Killed a crocodile
    93 | D        | Mangled by a neqoxec

Skill      XL: |  1  2  3  4  5  6 |
---------------+-------------------+-----
Stealth        | 5 9 13 15 | 15.0
Spellcasting   | 3 5 |  5.0
Short Blades   | 2 5 |  5.0
Hexes          | 4 5 7 |  7.5
Fighting       | 1 3 5 |  5.0
Dodging        | 5 |  5.0

Action                   |  1- 3 |  4- 6 || total
-------------------------+-------+-------++-------
Melee: Dagger            |    26 |    38 ||    64
  Use: Potion            |     2 |     1 ||     3
 Stab: Invisible         |     4 |     2 ||     6
Armor: Robe              |       |     2 ||     2
Dodge: Dodged            |     6 |    38 ||    44
